 Dungeon Crawl Stone Soup version 0.31-a0-486-g8d68a81214 (webtiles) character file.

Game seed: 9562316318106064238

350 LobsterGuardian the Poker (level 6, 0/48 HPs)
             Began as a Demonspawn Monk on Aug 7, 2023.
             Succumbed to an adder's poison
             ... on level 4 of the Dungeon.
             The game lasted 00:09:09 (2330 turns).

LobsterGuardian the Poker (Demonspawn Monk)         Turns: 2330, Time: 00:09:10

Health: 0/48       AC:  7    Str: 12 (13) XL:     6   Next: 34%
Magic:  6/6        EV: 11    Int:  8 (11) God:
Gold:   135        SH:  0    Dex: 16      Spells: 5/5 levels left

rFire   . . .        a - +0 spear
rCold   . . .        d - orb {light}
rNeg    . . .        f - +0 ring mail
rPois   .            (helmet restricted)
rElec   .            (no cloak)
rCorr   .            (no gloves)
SInv    .            (no boots)
Will    .....        (no amulet)
Stlth   +            (no ring)
HPRegen 0.28/turn    (no ring)
MPRegen 0.10/turn

%: no passive effects
@: lethally poisoned (0 -> -1), glowing
A: antennae 1, yellow scales 1, demonic guardian 1
a: no special abilities


You were on level 4 of the Dungeon.
You visited 1 branch of the dungeon, and saw 4 of its levels.

You collected 135 gold pieces.

Inventory:

Hand Weapons
 a - a +0 spear (weapon)
Armour
 d - an orb of light (worn)
 f - a +0 ring mail (worn)
Scrolls
 g - 5 scrolls of identify
Potions
 c - a potion of invisibility


   Skills:
 + Level 4.0 Fighting
 * Level 5.4 Polearms
 + Level 0.3 Armour
 + Level 3.6 Dodging


You had 5 spell levels left.
You didn't know any spells.
Your spell library contained the following spells:

 Spells                   Type           Power      Damage    Failure   Level
 Necrotise                Necr           0%         1d4       69%         1
 Vampiric Draining        Necr           0%         2d6       96%         3
 Agony                    Necr           0%         N/A       100%        5


Dungeon Overview and Level Annotations

Branches:
Dungeon (3/15)

Altars:
Ru


Innate Abilities, Weirdness & Mutations

You have a pair of small antennae on your head.
You are partially covered in yellow scales. (AC +2)
A weak demonic guardian rushes to your aid.


Message History

The phantom hits your iron imp.
Your iron imp hits the phantom!
The phantom is destroyed!
The adder barely misses your iron imp. The orc hits you but does no damage.
You feel your strength returning.
Your Fighting skill increases to level 4!
You hit the adder.
The adder is moderately wounded.
The adder bites you.
* * * LOW HITPOINT WARNING * * *
You are poisoned.
The adder poisons you!
The adder bites your iron imp but does no damage.
The giant cockroach bites your iron imp but does no damage.
The orc hits you but does no damage.
Your iron imp hits the adder!
The adder dies!
The orc hits your iron imp with a +0 hand axe.
You hit the adder but do no damage.
The adder is moderately wounded.
You feel sick. The adder bites you but does no damage.
The giant cockroach barely misses your iron imp.
Unknown command.
You closely miss the adder.
The adder is moderately wounded.
You feel sick.
The orc hits your iron imp with a +0 hand axe.
The adder bites you but does no damage. The orc completely misses you.
Your iron imp hits the orc.
The giant cockroach bites your iron imp but does no damage.
You hit the adder.
The adder is moderately wounded.
You feel sick. The adder closely misses you. The orc misses your iron imp.
The orc hits you with a +0 short sword.
* * * LOW HITPOINT WARNING * * *
A demonic guardian appears!
The giant cockroach completely misses your iron imp.
Your iron imp hits the giant cockroach.
Unknown command.
You hit the adder.
The adder is severely wounded.
You die...

....P...P§......#
........~..P.P..#
.....P.~~~~.....#
.........~~~~P..#
........~≈≈~~...#
...^...~≈≈≈≈~≈..#
....P~~~≈≈≈≈≈~5.##
.....~~≈≈≈≈≈~≈≈..#
......~~≈≈~≈~K.P@#
.......!~~≈~~♣.oS#
.........~~..P.oo#
...........B.†...#
§..........o5....#
?....#############
.)..## #####


You could see an adder, 4 orcs, a giant cockroach (ally target), a kobold (ally
target), a friendly iron imp (summoned) and a friendly shadow imp (summoned).

Vanquished Creatures
  A scorpion (D:4)
  3 gnolls (D:2)
  8 adders
  2 worms
  2 dart slugs (D:2)
  10 orcs
  5 bats
  7 endoplasms
  4 giant cockroaches
  5 goblins
  7 hobgoblins
  6 jackals
  2 quokkas
  9 ball pythons
  A kobold (D:1)
  4 rats
76 creatures vanquished.

Vanquished Creatures (collateral kills)
  A phantom (D:4)
  An adder (D:4)
  2 orcs (D:2)
4 creatures vanquished.

Grand Total: 80 creatures vanquished

Notes
Turn   | Place    | Note
-------+----------+-------------------------------------------
     0 | D:1      | LobsterGuardian the Demonspawn Monk began the quest for the
                  | Orb.
     0 | D:1      | Reached XP level 1. HP: 18/18 MP: 1/1
   193 | D:1      | Reached skill level 3 in Polearms
   193 | D:1      | Gained mutation: A weak demonic guardian rushes to your
                  | aid. [demonic ancestry]
   193 | D:1      | Reached XP level 2. HP: 21/24 MP: 2/2
   674 | D:2      | Reached XP level 3. HP: 29/29 MP: 3/3
  1037 | D:2      | Reached XP level 4. HP: 35/35 MP: 4/4
  1048 | D:2      | Reached skill level 4 in Polearms
  1138 | D:2      | Found a faded altar of an unknown god.
  1510 | D:2      | Gained mutation: You are partially covered in yellow
                  | scales. (AC +2) [demonic ancestry]
  1510 | D:2      | Reached XP level 5. HP: 35/42 MP: 5/5
  1616 | D:3      | Found a sacrificial altar of Ru.
  2056 | D:3      | You fall into a shaft and drop 1 floor!
  2082 | D:4      | Reached skill level 5 in Polearms
  2086 | D:4      | HP: 3/63 [poisoned by a scorpion]
  2254 | D:4      | Noticed a phantom
  2322 | D:4      | Gained mutation: You have a pair of small antennae on your
                  | head. [demonic ancestry]
  2322 | D:4      | Reached XP level 6. HP: 9/48 MP: 6/6
  2329 | D:4      | HP: 1/48 [orc/+0 short sword (4)]
  2330 | D:4      | Succumbed to an adder's poison

Illustrated notes

Levels and vault maps discovered:
D:1:      dpeg_arrival_lava_temple_mockup, layout_basic
D:2:      layout_rooms, nicolae_ecumenical_snake_handling
D:3:      layout_rooms, nicolae_ru_awakened_eye, uniq_ijyb
D:4:      layout_rooms, guppyfry_early_lair_pool

Skill      XL: |  1  2  3  4  5  6 |
---------------+-------------------+-----
Polearms       | 3 4 5 |  5.4
Dodging        | 3 |  3.6
Fighting       | 4 |  4.0
Armour         | |  0.3

Action                     |  1- 3 |  4- 6 || total
---------------------------+-------+-------++-------
  Melee: Spear             |   130 |   200 ||   330
    Use: Potion            |       |     4 ||     4
         Scroll            |       |     1 ||     1
   Stab: Sleeping          |     1 |       ||     1
         Distracted        |       |     1 ||     1
 Armour: Robe              |    20 |    21 ||    41
         Skin              |       |    43 ||    43
         Ring mail         |       |    37 ||    37
  Dodge: Dodged            |    67 |   159 ||   226

Table legend: (Time is in decaauts)
 A = Elapsed time spent in this place.
 B = Non-inter-level travel time spent in this place.
 C = Inter-level travel time spent in this place.
 D = Time resting spent in this place.
 E = Time spent auto-exploring this place.
 F = Levels seen in this place.
 G = Mean time per level.
                   A        B        C        D        E       F      G
               +--------+--------+--------+--------+--------+-----+--------+
         Total |   2302 |   2223 |     79 |     39 |   1613 |   4 |  575.5 |
       Dungeon |   2302 |   2223 |     79 |     39 |   1613 |   4 |  575.5 |
               +--------+--------+--------+--------+--------+-----+--------+

Top non-repeatable levels by time:
     D:2: 1168 daAuts
     D:1: 762 daAuts
     D:4: 265 daAuts
     D:3: 105 daAuts
